 Dungeon Crawl Stone Soup version 0.28-a0-938-gbc3f381ebc (webtiles) character file.

Game seed: 12676765361711529344

11061 Decritt the Fighter (level 11, -11/102 HPs)
             Began as a Minotaur Fighter on Nov 28, 2021.
             Was an Initiate of Gozag.
             Killed from afar by Frances (48 damage)
             ... with an iron shot
             ... on level 12 of the Dungeon.
             The game lasted 00:32:49 (11079 turns).

Decritt the Fighter (Minotaur Fighter)             Turns: 11079, Time: 00:32:49

Health: -11/102    AC: 23    Str: 28    XL:     11   Next: 44%
Magic:  10/10      EV:  6    Int:  7    God:    Gozag
Gold:   96         SH: 24    Dex: 10    Spells: 10/10 levels left

rFire   . . .      SeeInvis +   j - +5 mace "Usezo" {spect, Will+ Str+6 Int+2 Dex-2}
rCold   . . .      Faith    .   b - +5 tower shield
rNeg    + . .      Spirit   .   u - +0 plate armour
rPois   +          Reflect  +   (helmet restricted)
rElec   .          Harm     .   k - +0 cloak
rCorr   .          Rampage  .   f - +0 pair of gloves
Will    ++...                   l - +2 pair of boots {Stlth+}
Stlth   ..........              G - amulet "Mossuc" {Reflect rN+ Will+ SH+5}
HPRegen 0.27/turn               D - ring of Yguymoska {rPois SInv}
MPRegen 0.12/turn               F - +4 ring of protection

@: no status effects
A: horns 2, retaliatory headbutt
a: Renounce Religion, Potion Petition, Call Merchant, Bribe Branch


You were on level 12 of the Dungeon.
You worshipped Gozag.
Gozag was noncommittal.
You visited 2 branches of the dungeon, and saw 14 of its levels.

You collected 2305 gold pieces.
You spent 2127 gold pieces at shops.
You paid 82 gold pieces to Gozag.

Inventory:

Hand Weapons
 j - the +5 mace "Usezo" (weapon) {spect, Will+ Str+6 Int+2 Dex-2}
   (You bought it in a shop on level 2 of the Dungeon)

   When its wielder attacks, the weapon's spirit leaps out and strikes again.
   The spirit shares a part of any damage it takes with its wielder.
   Str:       It affects your strength (+6).
   Int:       It affects your intelligence (+2).
   Dex:       It affects your dexterity (-2).
   Will:      It increases your willpower.
Missiles
 o - 4 silver javelins (quivered)
Armour
 b - a +5 tower shield (worn)
 f - a +0 pair of gloves (worn)
 k - a +0 cloak (worn)
 l - a +2 pair of boots of stealth (worn)
 u - a +0 plate armour (worn)
Jewellery
 a - a ring of protection from fire
 c - the ring "Teypatue" {Fire rElec rN+ Str-3 Int+3 Dex+2}
   (You found it on level 4 of the Dungeon)

   [ring of fire]

   It enhances your fire magic.
   Str:       It affects your strength (-3).
   Int:       It affects your intelligence (+3).
   Dex:       It affects your dexterity (+2).
   rF:        It protects you from fire.
   rC:        It makes you vulnerable to cold.
   rElec:     It insulates you from electricity.
   rN:        It protects you from negative energy.
 i - a ring of positive energy
 D - the ring of Yguymoska (left hand) {rPois SInv}
   (You found it on level 9 of the Dungeon)

   [ring of see invisible]

   rPois:     It protects you from poison.
   SInv:      It lets you see invisible.
 F - a +4 ring of protection (right hand)
 G - the amulet "Mossuc" (around neck) {Reflect rN+ Will+ SH+5}
   (You bought it in a shop on level 10 of the Dungeon)

   [amulet of reflection]

   It reflects blocked missile attacks.
   rN:        It protects you from negative energy.
   SH:        It affects your SH (+5).
   Will:      It increases your willpower.
Wands
 s - a wand of flame (15)
 t - a wand of iceblast (16)
 x - a wand of digging (2)
 y - a wand of acid (12)
Scrolls
 e - 2 scrolls of enchant weapon
 g - a scroll of fear
 h - 6 scrolls of teleportation
 m - a scroll of magic mapping
 q - 5 scrolls of blinking
 r - 2 scrolls of identify
 z - 2 scrolls of immolation
 E - a scroll of amnesia
Potions
 d - a potion of might
 n - 3 potions of curing
 p - 2 potions of heal wounds
 v - 2 potions of haste
 w - 2 potions of flight
 A - a potion of attraction
 B - a potion of cancellation
 C - a potion of resistance


   Skills:
 * Level 11.4 Fighting
 - Level 4.7(7.9) Axes
 * Level 9.8(10.3) Maces & Flails
 - Level 5.0 Throwing
 + Level 8.4 Armour
 + Level 6.5 Dodging
 + Level 8.6 Shields
 + Level 4.7 Evocations


You had 10 spell levels left.
You didn't know any spells.
Your spell library contained the following spells:

 Spells                   Type           Power      Damage    Failure   Level
 Magic Dart               Conj           0%         1d3       100%        1
 Sandblast                Erth           0%         2d4       100%        1
 Slow                     Hex            0%         N/A       100%        1
 Passwall                 Tmut/Erth      0%         N/A       100%        2
 Searing Ray              Conj           0%         2d4       100%        2
 Confusing Touch          Hex            0%         N/A       100%        3
 Stone Arrow              Conj/Erth      0%         3d7       100%        3
 Cause Fear               Hex            0%         N/A       100%        4
 Fulminant Prism          Conj/Hex       0%         3d6       100%        4
 Yara's Violent Unravell  Hex/Tmut       0%         3d3       100%        5
 Dragon Form              Tmut           0%         N/A       100%        7
 Dragon's Call            Summ           0%         N/A       100%        9


Dungeon Overview and Level Annotations

Branches:
Dungeon (13/15)            Temple (1/1) D:5             Orc (0/2) D:12
   Lair: D:8-11      Vaults: D:13-14

Altars:
Ashenzari
Cheibriados
Dithmenos
Elyvilon
Fedhas
Gozag
Hepliaklqana
Kikubaaqudgha
Makhleb
Nemelex Xobeh
Okawaru
Qazlal
Ru
Sif Muna
Trog
Uskayaw
Vehumet
Wu Jian
Xom
Yredelemnul
Zin
The Shining One
Lugonu

Shops:
D:2 ([(   D:5 (   D:7 *??[(   D:8 *   D:10 *

Portals:
Gauntlet: D:12

Annotations:
D:12 Frances


Innate Abilities, Weirdness & Mutations

You have a pair of horns on your head.
You reflexively headbutt those who attack you in melee.


Message History

You block Frances's attack.
The ufetubus closely misses your +5 mace "Usezo" {spect, Will+ Str+6 Int+2 Dex-2}.
The ufetubus completely misses your +5 mace "Usezo" {spect, Will+ Str+6 Int+2 Dex-2}.
The orange demon stings you from afar!
* * * LOW HITPOINT WARNING * * *
The hellwing hits you but does no damage. x2
You block Frances's attack.
You hit Frances.
Frances is severely wounded.
Your +5 mace "Usezo" {spect, Will+ Str+6 Int+2 Dex-2} closely misses Frances.
The ufetubus closely misses your +5 mace "Usezo" {spect, Will+ Str+6 Int+2 Dex-2}.
The ufetubus barely misses your +5 mace "Usezo" {spect, Will+ Str+6 Int+2 Dex-2}.
Frances says, "I speak the language of demons!"
You block Frances's attack.
The ynoxinul gestures.
The hellwing hits you but does no damage.
You block the hellwing's attack. You block the orange demon's attack.
The ufetubus barely misses your +5 mace "Usezo" {spect, Will+ Str+6 Int+2 Dex-2}.
The ufetubus misses your +5 mace "Usezo" {spect, Will+ Str+6 Int+2 Dex-2}.
You block Frances's attack.
You closely miss Frances.
Frances is severely wounded.
Your +5 mace "Usezo" {spect, Will+ Str+6 Int+2 Dex-2} closely misses Frances.
The ufetubus misses your +5 mace "Usezo" {spect, Will+ Str+6 Int+2 Dex-2}.
The ufetubus hits your +5 mace "Usezo" {spect, Will+ Str+6 Int+2 Dex-2} but does no damage.
You block the orange demon's attack.
Frances mutters in a terrible tongue.
The iron shot hits you.
* * * LOW HITPOINT WARNING * * *
You block the hellwing's attack.
The hellwing hits you but does no damage.
The ufetubus completely misses your +5 mace "Usezo" {spect, Will+ Str+6 Int+2 Dex-2}.
The ufetubus hits your +5 mace "Usezo" {spect, Will+ Str+6 Int+2 Dex-2} but does no damage.
You hit Frances. You headbutt Frances!
Frances is almost dead.
Your +5 mace "Usezo" {spect, Will+ Str+6 Int+2 Dex-2} hits Frances.
Frances screams a word of power!
The iron shot hits you!!!
You die...
Your body crumbles into a pile of gold.

****,******** ***,*****
*,.........∩# *,,,,,,,*
*,..........# *,,,,,,,*
*,..........# *,,,,,,,*
*,......5...# *,,,,,,,*
*,.....555..#### *,,,,,,,,
*,....55B45....***,,,,,,,*
*,....534@(.#*,,,,,,,,,,,*
****#####@#*******,,,,,,,*
#.....# **,******
##'####### *,,,,,*
#........# ********,**
#........# *,,,,,,,,,*
#........# *,,,,,,,,,*
#...<....# *,,,,,,,,,*
#........# *,,,,,,,,,*
#........#***,,,,,,,,,*


You could see Frances (fast), a boulder beetle, an orange demon (summoned), a
hellwing (summoned), a ynoxinul (summoned), 8 ufetubi and a friendly +5 mace
"Usezo" {spect, Will+ Str+6 Int+2 Dex-2} (summoned).

Vanquished Creatures
  A boulder beetle (D:10)
  A centaur warrior (D:10)
  2 two-headed ogres
  Erica (D:9)
  The ghost of kuniqs the Destroyer, a novice TeCj of Vehumet (D:7)
  A gargoyle (D:10)
  An unseen horror (D:10)
  Psyche (D:9)
  2 kobold demonologists (D:10)
  4 wraiths
  A vampire (D:10)
  A wyvern (D:8)
  A basilisk (D:12)
  A steam dragon (D:6)
  3 vampire mosquitoes (D:11)
  A water moccasin (D:8)
  An ice beast (D:6)
  A black bear (D:3)
  4 necrophages
  2 sky beasts
  3 ogres
  7 centaurs
  2 kobold brigands
  2 bullfrogs
  3 gnoll sergeants
  3 scorpions
  3 wyvern skeletons
  A killer bee (D:4)
  10 wights
  A spectral centaur (D:7)
  A howler monkey (D:10)
  6 centaur zombies
  2 jellies
  Crazy Yiuf (D:5)
  3 bullfrog zombies
  7 hounds
  2 centaur skeletons
  A gnoll shaman (D:6)
  4 orc priests
  9 orc wizards
  2 iguanas
  2 killer bee zombies
  A mummy (D:9)
  A spectral howler monkey (D:7)
  A howler monkey zombie (D:8)
  A howler monkey skeleton (D:7)
  10 adders
  15 gnolls
  A shadow imp (D:6)
  A white imp (D:5)
  A howler monkey simulacrum (D:7)
  2 ufetubi (D:5)
  2 adder skeletons (D:4)
  A worm (D:2)
  2 dart slugs (D:3)
  23 orcs
  11 endoplasms
  5 giant cockroaches
  6 goblins
  6 hobgoblins
  4 quokkas
  9 ball pythons
  8 bats
  3 frilled lizards
  16 kobolds
  3 rats
  2 butterflies (D:5)
241 creatures vanquished.

Vanquished Creatures (collateral kills)
  An orc (D:6)
1 creature vanquished.

Vanquished Creatures (others)
  3 orc wizards (D:5)
  8 demonic plants (D:10)
  6 plants (D:10)
17 creatures vanquished.

Grand Total: 259 creatures vanquished

Notes
Turn   | Place    | Note
-------+----------+-------------------------------------------
     0 | D:1      | Decritt the Minotaur Fighter began the quest for the Orb.
     0 | D:1      | Reached XP level 1. HP: 19/19 MP: 0/0
   342 | D:1      | Reached XP level 2. HP: 24/27 MP: 1/1
   396 | D:1      | Reached skill level 4 in Fighting
   764 | D:2      | Reached XP level 3. HP: 33/33 MP: 2/2
   791 | D:2      | Found Lymofock's Weapon Boutique.
  1070 | D:2      | Found Moapp's Antique Armour Shop.
  1098 | D:2      | Reached XP level 4. HP: 41/41 MP: 3/3
  1162 | D:2      | Found Tyniu's Antique Weapon Emporium.
  1556 | D:3      | Noticed a black bear
  2015 | D:3      | Killed a black bear
  2016 | D:3      | Reached skill level 5 in Fighting
  2016 | D:3      | Reached XP level 5. HP: 23/48 MP: 4/4
  2567 | D:3      | Found a bloodstained altar of Trog.
  3142 | D:4      | Reached XP level 6. HP: 54/56 MP: 5/5
  3308 | D:4      | Reached skill level 1 in Maces & Flails
  3308 | D:4      | Reached skill level 1 in Dodging
  3390 | D:4      | Reached skill level 6 in Fighting
  3390 | D:4      | Reached skill level 5 in Armour
  3390 | D:4      | Reached skill level 5 in Shields
  3933 | D:4      | Reached XP level 7. HP: 36/63 MP: 6/6
  4074 | D:4      | Identified the ring "Teypatue" {Fire rElec rN+ Str-3 Int+3
                  | Dex+2}
  4162 | D:5      | Entered Level 5 of the Dungeon
  4183 | D:5      | Found Qacaergh's Antique Weapon Shoppe.
  4987 | D:5      | Found a staircase to the Ecumenical Temple.
  5010 | Temple   | Entered the Ecumenical Temple
  5103 | Temple   | Became a worshipper of Gozag Ym Sagoz the Greedy
  5401 | D:5      | Reached skill level 7 in Fighting
  5401 | D:5      | Reached skill level 1 in Evocations
  5401 | D:5      | Reached XP level 8. HP: 73/73 MP: 7/7
  5465 | D:5      | Found a shimmering altar of Xom.
  5734 | D:5      | Found a runed translucent door.
  5735 | D:5      | Noticed Crazy Yiuf
  5744 | D:5      | Killed Crazy Yiuf
  5960 | D:5      | Reached skill level 1 in Throwing
  6513 | D:6      | Acquired 715 gold pieces
  6545 | D:6      | Reached skill level 5 in Maces & Flails
  6792 | D:6      | Reached skill level 8 in Fighting
  6880 | D:6      | Reached XP level 9. HP: 81/81 MP: 8/8
  6996 | D:2      | Bought the +5 mace "Usezo" {spect, Will+ Str+6 Int+2 Dex-2}
                  | for 577 gold pieces
  7042 | D:2      | Bought a pair of runed boots for 142 gold pieces
  7386 | D:7      | Found Emisef's Magic Scroll Emporium.
  7392 | D:7      | Bought a scroll of identify for 28 gold pieces
  7392 | D:7      | Bought a scroll of magic mapping for 49 gold pieces
  7392 | D:7      | Bought a scroll of teleportation for 42 gold pieces
  7392 | D:7      | Bought a scroll of enchant armour for 105 gold pieces
  7392 | D:7      | Bought a scroll of identify for 28 gold pieces
  7392 | D:7      | Bought a scroll of identify for 28 gold pieces
  7501 | D:7      | Found Cenwev's General Store.
  7614 | D:7      | Found a runed translucent gate.
  7614 | D:7      | Found a runed translucent gate.
  7614 | D:7      | Found a runed translucent gate.
  7615 | D:7      | Noticed kuniqs's ghost (novice TeCj)
  7627 | D:7      | Killed kuniqs's ghost
  7640 | D:7      | Reached skill level 9 in Fighting
  7716 | D:7      | Found Koimehux's Armour Shoppe.
  7759 | D:7      | Found Vyhui's Antique Weapon Emporium.
  7762 | D:7      | Bought a translucent long sword for 229 gold pieces
  7762 | D:7      | Identified the +4 long sword "Hano" {freeze, rF- Str+4
                  | Dex+5} (You bought it in a shop on level 7 of the Dungeon)
  7978 | D:7      | Found Xiaworew's Magic Scroll Shop.
  7981 | D:7      | Bought a scroll of teleportation for 33 gold pieces
  7981 | D:7      | Bought a scroll of blinking for 82 gold pieces
  8094 | D:7      | Bought a scroll of enchant armour for 82 gold pieces
  8469 | D:8      | Reached XP level 10. HP: 77/91 MP: 9/9
  8669 | D:8      | Reached skill level 5 in Dodging
  8743 | D:8      | Found Vaogh's Serpentskin Sales.
  8942 | D:9      | Noticed Erica
  8948 | D:9      | Killed Erica
  8951 | D:9      | Noticed a two-headed ogre
  8952 | D:9      | Noticed Psyche
  8961 | D:9      | Killed a two-headed ogre
  8962 | D:9      | Reached skill level 10 in Fighting
  8965 | D:9      | Killed Psyche
  9415 | D:9      | Identified the ring of Yguymoska {rPois SInv}
  9573 | D:9      | Found a shadowy altar of Dithmenos.
  9576 | D:9      | Found a hazy altar of Hepliaklqana.
  9651 | D:10     | Entered Level 10 of the Dungeon
  9861 | D:10     | Noticed a gargoyle
  9864 | D:10     | Killed a gargoyle
  9894 | D:10     | Found Maimamig's Neck Hole.
  9897 | D:10     | Noticed a centaur warrior
  9903 | D:10     | Killed a centaur warrior
  9904 | D:10     | Reached XP level 11. HP: 73/101 MP: 10/10
 10341 | D:10     | Reached skill level 11 in Fighting
 10414 | D:10     | Found a corrupted altar of Lugonu.
 10471 | D:10     | Noticed a two-headed ogre
 10478 | D:10     | Killed a two-headed ogre
 10479 | D:10     | Reached skill level 5 in Throwing
 10510 | D:10     | Noticed a boulder beetle
 10530 | D:10     | Killed a boulder beetle
 10896 | D:10     | Bought the amulet "Mossuc" {Reflect rN+ Will+ SH+5} for 702
                  | gold pieces
 11055 | D:12     | Noticed Frances
 11062 | D:12     | Noticed a sixfirhy
 11071 | D:12     | Found a gate leading to a gauntlet.
 11071 | D:12     | Noticed a boulder beetle
 11079 | D:12     | Killed from afar by Frances

Illustrated notes

Levels and vault maps discovered:
D:1:      sevenhm_arrival_forest_fort_small_6, layout_basic, minivault_14,
          nrook_uturn
D:2:      layout_loops_corners, serial_shops, shop,
          nicolae_shop_overgrown_old_shop, shop_coins, minmay_misc_feat_cross
D:3:      layout_loops_ring, mainiacjoe_overflow_cross_hatched,
          minmay_fractal_squares_diagonal_5
D:4:      minmay_clustersquares, layout_cave_pools
D:5:      layout_basic, xom_butterflies, minmay_temple_entry_offerings,
          serial_shops, nicolae_shop_overgrown_old_shop,
          minmay_a_box_with_orc_wizards_in_it, uniq_crazy_yiuf_cottage
D:6:      wad_crossroads, layout_cave_pools, portal_sewer_entry_d
D:7:      layout_rooms, serial_shops, nicolae_take_the_stairs,
          nicolae_stop_n_shop_1, kennysheep_mini, nicolae_shop_trees,
          nicolae_shop_behind_doors, gammafunk_ghost_necromancy
D:8:      layout_loops_ring, guppyfry_shop_venom
D:9:      layout_big_octagon, riverfiend_overflow_shadow_ancestor,
          serial_undead, serial_undead_d, serial_undead_a, serial_undead_a,
          serial_undead_d, serial_undead_b, serial_undead_d,
          hangedman_abyss_or_decor_stabs, uniq_psyche, uniq_erica
D:10:     kennysheep_kobold_lugonu_temple, layout_gridville,
          nicolae_shop_sticking_my_neck_out
D:11:     layout_roguey, david_lair_generic, serial_shops,
          nicolae_lakefront_shop, uniq_urug
D:12:     layout_roguey, orc_0_dummy, gauntlet_entry_generic,
          portal_ice_cave_rime, uniq_sonja, uniq_frances, uniq_azrael
D:13:     layout_loops_ring, enter_bailey_2
Temple:   dpeg_five_rooms_temple

Skill      XL: |  1  2  3  4  5  6  7  8  9 10 11 |
---------------+----------------------------------+-----
Fighting       | 4 5 6 7 8 9 10 11 | 11.4
Axes           | 3 4 |  4.7
Armour         | 4 5 6 7 8 |  8.4
Shields        | 4 5 6 7 8 |  8.6
Maces & Flails | 2 3 5 7 9 |  9.8
Dodging        | 1 2 3 4 5 6 |  6.5
Evocations     | 1 2 3 4 |  4.7
Throwing       | 2 3 4 5 |  5.0

Action                   |  1- 3 |  4- 6 |  7- 9 | 10-12 || total
-------------------------+-------+-------+-------+-------++-------
Melee: War axe           |    69 |    63 |       |       ||   132
       Headbutt          |     6 |    19 |    58 |    34 ||   117
       Mace              |       |    63 |   292 |   169 ||   524
       Flail             |       |     2 |       |       ||     2
Throw: Boomerang         |       |       |    31 |       ||    31
       Javelin           |       |       |    14 |    33 ||    47
Evoke: Wand              |       |       |       |     1 ||     1
  Use: Scroll            |       |       |    18 |     4 ||    22
       Potion            |       |       |       |     1 ||     1
 Stab: Distracted        |       |       |     2 |     4 ||     6
Armor: Scale mail        |    31 |    41 |       |       ||    72
       Plate armour      |       |    28 |   290 |    69 ||   387
Dodge: Dodged            |    40 |    50 |    57 |    32 ||   179
Block: Buckler           |    15 |    22 |       |       ||    37
       Tower shield      |       |    32 |   301 |   222 ||   555
       Reflection        |       |       |       |     1 ||     1

Table legend: (Time is in decaauts)
 A = Elapsed time spent in this place.
 B = Non-inter-level travel time spent in this place.
 C = Inter-level travel time spent in this place.
 D = Time resting spent in this place.
 E = Time spent auto-exploring this place.
 F = Levels seen in this place.
 G = Mean time per level.
                   A        B        C        D        E       F      G
               +--------+--------+--------+--------+--------+-----+--------+
         Total |  11420 |  10897 |    523 |   2100 |   6630 |  14 |  815.7 |
       Dungeon |  11142 |  10668 |    474 |   2100 |   6415 |  13 |  857.1 |
        Temple |    277 |    228 |     49 |      0 |    215 |   1 |  277.0 |
               +--------+--------+--------+--------+--------+-----+--------+

Top non-repeatable levels by time:
     D:5: 2187 daAuts
     D:2: 1368 daAuts
     D:4: 1145 daAuts
     D:3: 1144 daAuts
    D:10: 1068 daAuts
     D:9: 1047 daAuts
     D:8: 757 daAuts
     D:6: 749 daAuts
     D:7: 747 daAuts
     D:1: 744 daAuts
  Temple: 277 daAuts
    D:11: 93 daAuts
    D:12: 66 daAuts
    D:13: 23 daAuts
